 Dungeon Crawl Stone Soup version 0.24-a0-619-gb7544fd237 (webtiles) character file.

Game seed: 16182095914773317042, levelgen mode: deterministic

127 Oninnaise the Cudgeler (level 4, -13/35 HPs)
             Began as a Demonspawn Chaos Knight on Sept 17, 2019.
             Was a Plaything of Xom.
             Mangled by an ogre
             ... wielding a +0 giant spiked club
              (18 damage)
             ... on level 3 of the Dungeon.
             The game lasted 00:05:53 (2280 turns).

Oninnaise the Cudgeler (Demonspawn Chaos Knight)    Turns: 2280, Time: 00:05:55

Health: -13/35     AC: 11    Str: 18    XL:     4   Next: 85%
Magic:  4/4        EV: 11    Int: 14    God:    Xom [.*....]
Gold:   52         SH:  0    Dex: 12    Spells: 3/3 levels left

rFire    . . .     SeeInvis .   a - +0 mace (chaos)
rCold    . . .     Gourm    .   (no shield)
rNeg     . . .     Faith    .   b - +2 leather armour
rPois    .         Spirit   .   (no helmet)
rElec    .         Reflect  .   (no cloak)
rCorr    .         Harm     .   (no gloves)
MR       .....                  (no boots)
Stlth    +.........             (no amulet)
HPRegen  0.11/turn              (no ring)
MPRegen  0.09/turn              (no ring)

@: mighty, sanguine armour
A: sanguine armour 1
a: Renounce Religion


You were on level 3 of the Dungeon.
You worshipped Xom.
You were a plaything of Xom.
You were not hungry.

You visited 1 branch of the dungeon, and saw 3 of its levels.

You collected 52 gold pieces.

Inventory:

Hand Weapons
 a - a +0 mace of chaos (weapon)
Armour
 b - a +2 leather armour (worn)
 f - a +3 chain mail
 j - a +1 pair of boots
Jewellery
 i - an uncursed ring of magical power {unknown}
 k - an uncursed ring of protection from magic {unknown}
Wands
 l - a wand of iceblast (7)
Scrolls
 d - 3 scrolls of blinking
 e - a scroll of remove curse
 h - 2 scrolls of teleportation
 n - a scroll of enchant weapon {unknown}
 o - a scroll of enchant armour {unknown}
Potions
 m - a potion of ambrosia
Comestibles
 c - 4 rations


   Skills:
 - Level 3.0 Fighting
 * Level 5.1 Maces & Flails
 - Level 1.7 Armour
 - Level 0.8 Dodging


You had 3 spell levels left.
You didn't know any spells.
Your spell library was empty.

Dungeon Overview and Level Annotations

Branches:
Dungeon (3/15)

Altars:
Xom


Innate Abilities, Weirdness & Mutations

When seriously injured, your bleeding wounds create armour. (AC +6)


Message History

* * * LOW HITPOINT WARNING * * *
You see here 17 stones.
You are confused.
You feel invigorated. The rat barely misses you. The ogre closely misses you.
The rat closely misses you.
You feel less invigorated.
You feel less confused.
You hit the rat.
You feel better.
You kill the rat!
You feel very mighty all of a sudden.
The ogre hits you with a +0 giant spiked club!
* * * LOW HITPOINT WARNING * * *
A worker ant comes into view.
The worker ant twitches its antennae in your direction.
You sock the ogre! You burn the ogre.
The ogre is severely wounded.
The ogre hits you with a +0 giant spiked club!!
Ouch! That really hurt!
You die...
Xom snickers!

............ ....###.#.
............ . .>#.#.†...
........... .## # ..#.#.#.##
.......# ..# .###.#.......
..(....####### #.# ....#.#.#.#.
._.....†.....# #.# #..#.†.#.#.
.#†##......#.# #.# # ##..#†..#.#.
##.##......#.###.#.#.#.......#...
....._._...#...O@....#.....####..
._....._.......#.##...a..........
....._##.#.....#.#####.##........
.......#.##....#........†....####
...__..#.#.......####.#.#.##.#
##.....#.#.....#.#....#.#.##.#
##.##.#.#.#####.#.##.#.#....# #.#
...#.#........#.#.###### #.#
...#.......####.#..


You could see an ogre and a worker ant.

Vanquished Creatures
  An adder (D:2)
  2 worms (D:2)
  A dart slug (D:2)
  2 orcs (D:2)
  2 ball pythons
  5 giant cockroaches
  5 goblins
  7 hobgoblins
  12 jackals
  6 kobolds
  A quokka (D:3)
  4 bats
  4 frilled lizards
  A leopard gecko skeleton (D:2)
  7 rats
60 creatures vanquished.

Vanquished Creatures (collateral kills)
  2 orc wizards (D:2)
  An adder (D:2)
  An orc (D:2)
  A rat (D:2)
5 creatures vanquished.

Grand Total: 65 creatures vanquished

Notes
Turn   | Place    | Note
-------+----------+-------------------------------------------
     0 | D:1      | Oninnaise the Demonspawn Chaos Knight began the quest for
                  | the Orb.
     0 | D:1      | Reached XP level 1. HP: 18/18 MP: 1/1
   188 | D:1      | Reached skill level 3 in Maces & Flails
   189 | D:1      | Xom revived you
   463 | D:1      | XOM: divination: detect creatures
   593 | D:1      | Gained mutation: When seriously injured, your bleeding
                  | wounds create armour. (AC +6) [demonic ancestry]
   593 | D:1      | Reached XP level 2. HP: 17/24 MP: 2/2
   756 | D:1      | XOM: noise
  1156 | D:2      | Reached XP level 3. HP: 29/29 MP: 3/3
  1167 | D:2      | XOM: harmless Chrm miscast
  1200 | D:2      | Reached skill level 4 in Maces & Flails
  1315 | D:2      | XOM: god gift: scroll of teleportation
  1345 | D:2      | XOM: cast spell 'Death Channel'
  1583 | D:2      | XOM: summons 3 friendly demons
  1594 | D:2      | Reached XP level 4. HP: 23/35 MP: 4/4
  1652 | D:2      | XOM: god gift: pearl ring {god gift}
  1887 | D:2      | XOM: scenery: create altars
  1939 | D:2      | Reached skill level 5 in Maces & Flails
  2036 | D:2      | XOM: scenery: 1 doors open
  2242 | D:3      | Noticed an ogre
  2248 | D:3      | XOM: scenery: create altars
  2280 | D:3      | Mangled by an ogre

Levels and vault maps discovered:
D:1:      psy_arrival_whirlpool, layout_basic, roderic_serpentine_path
D:2:      layout_basic, first_ration
D:3:      kennysheep_big_flooded_room, layout_basic

Skill      XL: |  1  2  3  4 |
---------------+-------------+-----
Maces & Flails | 3 4 5 |  5.1
Fighting       | |  3.0
Armour         | |  1.7
Dodging        | |  0.8

Action                   |  1- 3 |  4- 6 || total
-------------------------+-------+-------++-------
Melee: Mace              |   105 |    63 ||   168
  Use: Scroll            |     5 |       ||     5
       Potion            |     3 |     2 ||     5
  Eat: Ration            |     1 |     1 ||     2
Armor: Leather armour    |    63 |    37 ||   100
Dodge: Dodged            |   100 |    66 ||   166

Table legend:
 A = Non-vault XP
 B = Vault XP
 C = Vault XP percentage of total XP
 D = Non-vault monster count
 E = Vault monster count
 F = Vault count percentage of total count
                 A         B        C        D         E       F
            +---------+---------+-------+---------+---------+-------
      Total |     182 |       0 |   0.0 |      65 |       0 |   0.0
            +---------+---------+-------+---------+---------+-------
        D:1 |      40 |       0 |   0.0 |      25 |       0 |   0.0
        D:2 |     118 |       0 |   0.0 |      26 |       0 |   0.0
        D:3 |      24 |       0 |   0.0 |      14 |       0 |   0.0
            +---------+---------+-------+---------+---------+-------
